 Dungeon Crawl Stone Soup version 0.29.0-4-gdea44cf6ec (webtiles) character file.

Game seed: 16626325183682539963

32189 qw the Brawler (level 13, -3/128 HPs)
             Began as a Troll Cinder Acolyte on Aug 31, 2022.
             Was an Initiate of Ignis.
             Slain by an eight-headed hydra (5 damage)
             ... on level 5 of the Lair of Beasts.
             The game lasted 00:07:07 (13033 turns).

qw the Brawler (Troll Cinder Acolyte)              Turns: 13033, Time: 00:07:07

Health: -3/128     AC: 10    Str: 29    XL:     13   Next: 30%
Magic:  13/13      EV: 14    Int: 10    God:    Ignis [......]
Gold:   1842       SH:  5    Dex: 10    Spells: 14/14 levels left

rFire   + . .      SeeInvis +     - Unarmed
rCold   . . .      Faith    .   (no shield)
rNeg    . . .      Spirit   .   k - +3 steam dragon scales
rPois   +          Reflect  +   o - +0 hat "Fueq" {rElec rPois Dex+3 Stlth-}
rElec   +          Harm     .   (no cloak)
rCorr   .          Rampage  .   (gloves unavailable)
Will    .....                   (boots unavailable)
Stlth   +.........              m - amulet of reflection
HPRegen 1.11/turn               h - +4 ring of evasion
MPRegen 0.13/turn               q - ring of see invisible

@: about to teleport
A: large, unfitting armour, claws 3, regeneration 1, shaggy fur 1, tough skin 1,
thin skeletal structure 1, MP-powered wands
a: Renounce Religion, Rising Flame


You were on level 5 of the Lair of Beasts.
You worshipped Ignis.
Ignis was noncommittal.
You visited 3 branches of the dungeon, and saw 16 of its levels.
You also visited: Gauntlet.

You collected 1842 gold pieces.


Innate Abilities, Weirdness & Mutations

You are too large for most types of armour.
You have claws for hands.
Your natural rate of healing is unusually fast.
You are covered in fur. (AC +1)
You have tough skin. (AC +1)
You have a somewhat thin skeletal structure. (Dex +2, Stealth+)
You expend magic power (3 MP) to strengthen your wands.


   Skills:
 + Level 8.6 Fighting
 - Level 5.0 Throwing
 - Level 2.0 Armour
 - Level 4.0 Dodging
 - Level 19.0 Unarmed Combat
 - Level 1.0 Spellcasting
 - Level 2.1 Fire Magic


You had 14 spell levels left.
You didn't know any spells.
Your spell library contained the following spells:

 Spells                   Type           Power      Damage    Failure   Level
 Scorch                   Fire           8%         2d5       22%         2

Inventory:

Missiles
 b - 6 boomerangs
 r - 6 javelins (quivered)
Armour
 k - +3 steam dragon scales (worn)
 o - the +0 hat "Fueq" (worn) {rElec rPois Dex+3 Stlth-}
   (You found it in a Gauntlet)

   Dex:       It affects your dexterity (+3).
   rElec:     It insulates you from electricity.
   rPois:     It protects you from poison.
   Stlth:     It makes you less stealthy.
Jewellery
 a - a ring of ice
 h - a +4 ring of evasion (left claw)
 m - an amulet of reflection (around neck)
 n - a ring of willpower
 q - a ring of see invisible (right claw)
Scrolls
 c - 8 scrolls of enchant weapon
 e - a scroll of summoning {unknown}
 g - 2 scrolls of identify
 i - a scroll of teleportation
 j - 2 scrolls of brand weapon
 t - a scroll of poison {unknown}
Potions
 d - 2 potions of haste
 f - 3 potions of might
 l - 14 potions of curing
 p - 6 potions of mutation
 s - a potion of resistance {unknown}

Dungeon Overview and Level Annotations

Branches:
Dungeon (10/15)            Temple (1/1) D:6            Lair (5/5) D:10
  Swamp (0/4) Lair:3        Snake (0/4) Lair:3        Slime (0/5) Lair:4
    Orc (0/2) D:10        Gauntlet (visited)

Altars:
Ashenzari
Cheibriados
Dithmenos
Elyvilon
Fedhas
Gozag
Hepliaklqana
Kikubaaqudgha
Makhleb
Nemelex Xobeh
Okawaru
Qazlal
Ru
Sif Muna
Trog
Uskayaw
Vehumet
Wu Jian
Xom
Yredelemnul
Zin
The Shining One

Annotations:
D:9 1 runed translucent door, qw's ghost, novice TrCA


Message History

The eight-headed hydra bites you but does no damage.
You block the eight-headed hydra's attack.
The eight-headed hydra barely misses you.
The eight-headed hydra bites you but does no damage.
The eight-headed hydra bites you.
Found 14 gold pieces.
The blink frog blinks!
The dream sheep shake their wool and sparkle.
You feel drowsy...
You fall asleep.
The wolf bites you!!
You wake up.
13029 ||| Stepping ~*~*~tactically~*~*~ (outnumbered).
The blink frog attacks as you move away!
The blink frog hits you.
The eight-headed hydra attacks as you move away!
The eight-headed hydra bites you.
The eight-headed hydra bites you but does no damage. x2
You block the eight-headed hydra's attack.
The eight-headed hydra bites you.
The eight-headed hydra closely misses you.
The eight-headed hydra barely misses you.
The eight-headed hydra bites you! The wolf bites you.
13030 ||| READING 2 scrolls of teleportation.
As you read the scroll of teleportation, it crumbles to dust.
You feel strangely unstable. The wolf bites you but does no damage.
The dream sheep bites you. The dream sheep barely misses you.
A wolf comes into view.
The wolf bites you but does no damage.
13031 ||| Stepping ~*~*~tactically~*~*~ (outnumbered).
The blink frog attacks as you move away!
The blink frog misses you.
The blink frog blinks!
You block the wolf's attack.
13032 ||| Stepping ~*~*~tactically~*~*~ (outnumbered).
The blink frog attacks as you move away!
You block the blink frog's attack.
The dream sheep attacks as you move away!
You block the dream sheep's attack.
13033 ||| Stepping ~*~*~tactically~*~*~ (outnumbered).
The eight-headed hydra attacks as you move away!
The eight-headed hydra bites you! The eight-headed hydra bites you.
You die...

........}....#...Y....
...........h.##........
......#..<...#.........
.......##.#.hY.........
...........%....##....~
..........h¤...........
.......YS..l...../...S.
.......Fh..............
.......@DYDF...P.......
.......#Y.....#........
#.#.###......##........
#. ##.....###....F.. #
.....## P...... #...$.#
....## ..##


You could see an eight-headed hydra, a six-headed hydra, an elephant, 2 blink
frogs, a water moccasin, a wyvern, 4 wolves and 3 dream sheep.

Vanquished Creatures
  A minotaur (Gauntlet)
  A boulder beetle (Lair:4)
  A hydra (D:7)
  2 two-headed ogres
  5 death yaks (Lair:2)
  Urug (Lair:3)
  A bog body (Lair:3)
  A worldbinder (Gauntlet)
  An ugly thing (D:8)
  4 elephants (Lair:3)
  4 black mambas
  6 cane toads
  A torpor snail (Lair:2)
  6 komodo dragons
  Grinder (D:3)
  A tyrant leech (Gauntlet)
  A hornet (D:8)
  11 blink frogs
  9 dream sheep
  A raiju (Gauntlet)
  10 flying skulls (Gauntlet)
  29 yaks
  7 wyverns
  2 steam dragons
  2 fire bats (Lair:4)
  A basilisk (D:9)
  2 nagas (Lair:3)
  An acid dragon (D:8)
  4 swamp worms (Gauntlet)
  9 water moccasins
  3 orc warriors
  3 black bears
  7 wolves (Lair:2)
  2 ogres
  5 centaurs
  A boggart (Gauntlet)
  A phantom (D:5)
  3 necrophages
  3 kobold brigands
  8 bullfrogs
  4 scorpions
  13 wights
  6 killer bees
  2 howler monkeys
  An orc priest (D:10)
  4 jellies
  6 hounds
  Jessica (D:3)
  2 iguanas (D:5)
  4 orc wizards
  4 hell rats (Lair:3)
  4 gnolls (D:4)
  6 adders
  A shadow imp (D:5)
  2 white imps
  3 ufetubi
  A worm (D:5)
  3 dart slugs
  20 orcs
  3 bats
  5 endoplasms
  4 giant cockroaches
  5 hobgoblins
  3 jackals (D:2)
  4 quokkas
  7 ball pythons
  4 goblins
  21 kobolds
  4 rats (D:1)
309 creatures vanquished.

Vanquished Creatures (others)
  A kobold (D:4)
  14 fungi
  29 plants
  4 withered plants (Gauntlet)
48 creatures vanquished.

Grand Total: 357 creatures vanquished

Notes
Turn   | Place    | Note
-------+----------+-------------------------------------------
     0 | D:1      | qw the Troll Cinder Acolyte began the quest for the Orb.
     0 | D:1      | Reached XP level 1. HP: 22/22 MP: 1/1
     0 | D:1      | 0 ||| qw: Version: 0.1-a-97-g2dd2ca4
     0 | D:1      | 0 ||| qw: Game counter: 4598
     0 | D:1      | 0 ||| qw: Always use a shield: true
     0 | D:1      | 0 ||| qw: God list: Okawaru
     0 | D:1      | 0 ||| qw: Allow faded altars: false
     0 | D:1      | 0 ||| qw: Do Orc after D:15 true
     0 | D:1      | 0 ||| qw: Do second Lair branch before Depths: true
     0 | D:1      | 0 ||| qw: Lair rune preference: random
     0 | D:1      | 0 ||| qw: Plans: Normal
     0 | D:1      | 0 ||| PLANNING D:1-11
   134 | D:1      | Reached XP level 2. HP: 29/29 MP: 2/2
   287 | D:1      | Found a faded altar of an unknown god.
   474 | D:1      | 474 ||| READING scroll labelled MIT AROGEIRR.
   475 | D:1      | 475 ||| READING scroll labelled MUUNUOLUSS.
   476 | D:1      | 476 ||| READING 2 scrolls labelled PIOZXAIKKE.
   480 | D:1      | 480 ||| READING scroll labelled MOHYMN CAQAIV.
   549 | D:2      | Reached skill level 4 in Unarmed Combat
   568 | D:2      | 568 ||| Stepping ~*~*~tactically~*~*~ (stealth).
   571 | D:2      | 571 ||| Stepping ~*~*~tactically~*~*~ (stealth).
   580 | D:2      | 580 ||| Stepping ~*~*~tactically~*~*~ (stealth).
   581 | D:2      | 581 ||| Stepping ~*~*~tactically~*~*~ (stealth).
   585 | D:2      | Found an ancient bone altar of Kikubaaqudgha.
   681 | D:2      | Reached XP level 3. HP: 36/36 MP: 3/3
  1069 | D:2      | 1069 ||| READING scroll labelled TONEXO FATUDWO.
  1070 | D:2      | 1070 ||| READING scroll labelled DEIG GASILACOF.
  1071 | D:2      | 1071 ||| DRINKING 2 fuming amethyst potions.
  1112 | D:3      | Found a radiant altar of Vehumet.
  1206 | D:3      | Reached skill level 5 in Unarmed Combat
  1206 | D:3      | Reached XP level 4. HP: 39/44 MP: 4/4
  1354 | D:3      | Found a stormy altar of Qazlal.
  1433 | D:3      | Noticed Grinder
  1436 | D:3      | 1436 ||| Stepping ~*~*~tactically~*~*~ (hiding).
  1437 | D:3      | 1437 ||| Stepping ~*~*~tactically~*~*~ (hiding).
  1438 | D:3      | 1438 ||| Stepping ~*~*~tactically~*~*~ (hiding).
  1442 | D:3      | Paralysed by Grinder for 3 turns
  1447 | D:3      | 1447 ||| INVOKING Fiery Armour.
  1450 | D:3      | Killed Grinder
  1451 | D:3      | Reached skill level 6 in Unarmed Combat
  1451 | D:3      | Reached XP level 5. HP: 28/50 MP: 5/5
  1451 | D:3      | Reached XP level 6. HP: 33/59 MP: 6/6
  1525 | D:3      | Noticed Jessica
  1528 | D:3      | Killed Jessica
  1529 | D:3      | Reached skill level 7 in Unarmed Combat
  1631 | D:3      | 1631 ||| UPGRADING to amulet of reflection.
  1636 | D:3      | 1636 ||| READING scroll labelled KEINUHE ORUI.
  1637 | D:3      | 1637 ||| DRINKING 2 lumpy grey potions.
  1742 | D:3      | 1742 ||| DRINKING 2 brown potions.
  1743 | D:3      | 1743 ||| DRINKING 2 fuming blue potions.
  1743 | D:3      | Gained mutation: You have a somewhat thin skeletal
                  | structure. (Dex +2, Stealth+) [potion of mutation]
  1743 | D:3      | Gained mutation: You expend magic power (3 MP) to
                  | strengthen your wands. [potion of mutation]
  1744 | D:3      | 1744 ||| DROPPING potion of berserk rage.
  1779 | D:4      | Reached skill level 1 in Dodging
  1839 | D:4      | Found an opulent altar of Gozag.
  1867 | D:4      | 1867 ||| Stepping ~*~*~tactically~*~*~ (stealth).
  1868 | D:4      | 1868 ||| Stepping ~*~*~tactically~*~*~ (stealth).
  1875 | D:4      | 1875 ||| Stepping ~*~*~tactically~*~*~ (stealth).
  1876 | D:4      | 1876 ||| Stepping ~*~*~tactically~*~*~ (stealth).
  1880 | D:4      | 1880 ||| Stepping ~*~*~tactically~*~*~ (stealth).
  1881 | D:4      | 1881 ||| Stepping ~*~*~tactically~*~*~ (stealth).
  1963 | D:4      | 1963 ||| Stepping ~*~*~tactically~*~*~ (stealth).
  1967 | D:4      | 1967 ||| Stepping ~*~*~tactically~*~*~ (stealth).
  1974 | D:4      | 1974 ||| Stepping ~*~*~tactically~*~*~ (stealth).
  2034 | D:4      | Found a basalt altar of Yredelemnul.
  2034 | D:4      | Found a bloodstained altar of Trog.
  2407 | D:4      | 2407 ||| Stepping ~*~*~tactically~*~*~ (stealth).
  2420 | D:4      | 2420 ||| INVOKING Fiery Armour.
  2421 | D:4      | 2421 ||| Stepping ~*~*~tactically~*~*~ (stealth).
  2422 | D:4      | 2422 ||| Stepping ~*~*~tactically~*~*~ (stealth).
  2428 | D:4      | 2428 ||| Stepping ~*~*~tactically~*~*~ (stealth).
  2478 | D:4      | Reached XP level 7. HP: 51/66 MP: 7/7
  2564 | D:4      | 2564 ||| UPGRADING to ring of willpower.
  2565 | D:4      | 2565 ||| DRINKING 2 viscous amethyst potions.
  2566 | D:4      | 2566 ||| DROPPING potion of brilliance.
  2596 | D:5      | Entered Level 5 of the Dungeon
  2606 | D:5      | Reached skill level 8 in Unarmed Combat
  2606 | D:5      | 2606 ||| STAIRDANCE
  2725 | D:5      | Reached skill level 3 in Fighting
  2726 | D:5      | Noticed a wyvern
  2732 | D:5      | Killed a wyvern
  2845 | D:5      | Reached skill level 9 in Unarmed Combat
  2882 | D:5      | 2882 ||| Stepping ~*~*~tactically~*~*~ (hiding).
  2995 | D:5      | Reached XP level 8. HP: 75/75 MP: 8/8
  3146 | D:5      | 3146 ||| Stepping ~*~*~tactically~*~*~ (hiding).
  3249 | D:5      | 3249 ||| Stepping ~*~*~tactically~*~*~ (hiding).
  3351 | D:5      | 3351 ||| Stepping ~*~*~tactically~*~*~ (hiding).
  3453 | D:5      | 3453 ||| Stepping ~*~*~tactically~*~*~ (hiding).
  3555 | D:5      | 3555 ||| Stepping ~*~*~tactically~*~*~ (hiding).
  3657 | D:5      | 3657 ||| Stepping ~*~*~tactically~*~*~ (hiding).
  3759 | D:5      | 3759 ||| Stepping ~*~*~tactically~*~*~ (hiding).
  4107 | D:5      | 4107 ||| READING 2 scrolls labelled IBIXTY HEEL.
  4108 | D:5      | 4108 ||| READING scroll labelled EPHOHO ZEUDUT.
  4109 | D:5      | 4109 ||| READING scroll labelled GEZXES KIRAG.
  4110 | D:5      | 4110 ||| READING scroll labelled XUS MOSOCZI.
  4111 | D:5      | 4111 ||| DRINKING 2 white potions.
  4112 | D:5      | 4112 ||| DRINKING 3 emerald potions.
  4113 | D:5      | 4113 ||| DROPPING potion of attraction.
  4114 | D:5      | 4114 ||| DROPPING 2 potions of flight.
  4115 | D:5      | 4115 ||| DROPPING scroll of vulnerability.
  4190 | D:6      | Reached skill level 10 in Unarmed Combat
  4456 | D:6      | Found a staircase to the Ecumenical Temple.
  4485 | D:6      | Found a broken altar of Ashenzari.
  4510 | D:6      | 4510 ||| Stepping ~*~*~tactically~*~*~ (stealth).
  4512 | D:6      | 4512 ||| Stepping ~*~*~tactically~*~*~ (stealth).
  4514 | D:6      | 4514 ||| Stepping ~*~*~tactically~*~*~ (stealth).
  4516 | D:6      | 4516 ||| Stepping ~*~*~tactically~*~*~ (stealth).
  4542 | D:6      | 4542 ||| Stepping ~*~*~tactically~*~*~ (stealth).
  4543 | D:6      | 4543 ||| Stepping ~*~*~tactically~*~*~ (stealth).
  4545 | D:6      | 4545 ||| Stepping ~*~*~tactically~*~*~ (stealth).
  4557 | D:6      | 4557 ||| Stepping ~*~*~tactically~*~*~ (stealth).
  4566 | D:6      | 4566 ||| Stepping ~*~*~tactically~*~*~ (outnumbered).
  4617 | D:6      | 4617 ||| Stepping ~*~*~tactically~*~*~ (stealth).
  4784 | D:6      | 4784 ||| Stepping ~*~*~tactically~*~*~ (stealth).
  4785 | D:6      | 4785 ||| Stepping ~*~*~tactically~*~*~ (stealth).
  4794 | D:6      | Reached XP level 9. HP: 82/84 MP: 9/9
  5173 | D:6      | 5173 ||| UPGRADING to +0 steam dragon scales.
  5183 | D:6      | 5183 ||| DROPPING +0 robe.
  5184 | D:6      | 5184 ||| READING 2 scrolls of enchant armour.
  5184 | D:6      | 5184 ||| ENCHANTING +0 steam dragon scales.
  5185 | D:6      | 5185 ||| READING scroll of enchant armour.
  5185 | D:6      | 5185 ||| ENCHANTING +1 steam dragon scales.
  5186 | D:6      | 5186 ||| DROPPING amulet of guardian spirit.
  5187 | D:6      | 5187 ||| UPGRADING to ring of see invisible.
  5308 | D:7      | 5308 ||| Stepping ~*~*~tactically~*~*~ (stealth).
  5310 | D:7      | 5310 ||| Stepping ~*~*~tactically~*~*~ (hiding).
  5315 | D:7      | Reached skill level 1 in Armour
  5315 | D:7      | 5315 ||| Stepping ~*~*~tactically~*~*~ (stealth).
  5342 | D:7      | 5342 ||| Stepping ~*~*~tactically~*~*~ (stealth).
  5399 | D:7      | 5399 ||| Stepping ~*~*~tactically~*~*~ (stealth).
  5401 | D:7      | 5401 ||| Stepping ~*~*~tactically~*~*~ (stealth).
  5403 | D:7      | 5403 ||| Stepping ~*~*~tactically~*~*~ (stealth).
  5407 | D:7      | Reached skill level 11 in Unarmed Combat
  5431 | D:7      | 5431 ||| Stepping ~*~*~tactically~*~*~ (stealth).
  5455 | D:7      | 5455 ||| Stepping ~*~*~tactically~*~*~ (stealth).
  5456 | D:7      | 5456 ||| Stepping ~*~*~tactically~*~*~ (stealth).
  5458 | D:7      | 5458 ||| Stepping ~*~*~tactically~*~*~ (stealth).
  5460 | D:7      | 5460 ||| Stepping ~*~*~tactically~*~*~ (stealth).
  5462 | D:7      | 5462 ||| Stepping ~*~*~tactically~*~*~ (stealth).
  5464 | D:7      | 5464 ||| Stepping ~*~*~tactically~*~*~ (stealth).
  5468 | D:7      | 5468 ||| Stepping ~*~*~tactically~*~*~ (stealth).
  5473 | D:7      | 5473 ||| Stepping ~*~*~tactically~*~*~ (stealth).
  5475 | D:7      | 5475 ||| Stepping ~*~*~tactically~*~*~ (stealth).
  5477 | D:7      | 5477 ||| Stepping ~*~*~tactically~*~*~ (stealth).
  5480 | D:7      | 5480 ||| Stepping ~*~*~tactically~*~*~ (stealth).
  5481 | D:7      | 5481 ||| Stepping ~*~*~tactically~*~*~ (stealth).
  5483 | D:7      | 5483 ||| Stepping ~*~*~tactically~*~*~ (stealth).
  5485 | D:7      | 5485 ||| Stepping ~*~*~tactically~*~*~ (stealth).
  5487 | D:7      | 5487 ||| Stepping ~*~*~tactically~*~*~ (stealth).
  5659 | D:7      | Noticed a seven-headed hydra
  5660 | D:7      | 5660 ||| INVOKING Fiery Armour.
  5668 | D:7      | Killed an eight-headed hydra
  5669 | D:7      | Reached skill level 12 in Unarmed Combat
  5856 | D:7      | 5856 ||| READING 2 scrolls of identify.
  5856 | D:7      | 5856 ||| IDENTIFYING red potion
  5857 | D:7      | 5857 ||| DROPPING potion of ambrosia.
  6018 | D:8      | 6018 ||| Stepping ~*~*~tactically~*~*~ (hiding).
  6120 | D:8      | 6120 ||| Stepping ~*~*~tactically~*~*~ (hiding).
  6222 | D:8      | 6222 ||| Stepping ~*~*~tactically~*~*~ (hiding).
  6324 | D:8      | 6324 ||| Stepping ~*~*~tactically~*~*~ (hiding).
  6426 | D:8      | 6426 ||| Stepping ~*~*~tactically~*~*~ (hiding).
  6528 | D:8      | 6528 ||| Stepping ~*~*~tactically~*~*~ (hiding).
  6529 | D:8      | 6529 ||| Stepping ~*~*~tactically~*~*~ (hiding).
  6561 | D:8      | 6561 ||| Stepping ~*~*~tactically~*~*~ (hiding).
  6593 | D:8      | 6593 ||| Stepping ~*~*~tactically~*~*~ (stealth).
  6597 | D:8      | 6597 ||| Stepping ~*~*~tactically~*~*~ (stealth).
  6602 | D:8      | 6602 ||| Stepping ~*~*~tactically~*~*~ (hiding).
  6603 | D:8      | 6603 ||| Stepping ~*~*~tactically~*~*~ (hiding).
  6604 | D:8      | 6604 ||| Stepping ~*~*~tactically~*~*~ (hiding).
  6610 | D:8      | 6610 ||| INVOKING Fiery Armour.
  6628 | D:8      | 6628 ||| FLEEEEING.
  6637 | D:8      | 6637 ||| FLEEEEING.
  6641 | D:8      | 6641 ||| STAIRDANCE
  6676 | D:8      | 6676 ||| Stepping ~*~*~tactically~*~*~ (stealth).
  6772 | D:8      | 6772 ||| Stepping ~*~*~tactically~*~*~ (hiding).
  6815 | D:8      | Noticed a white ugly thing
  6816 | D:8      | 6816 ||| Stepping ~*~*~tactically~*~*~ (stealth).
  6817 | D:8      | 6817 ||| Stepping ~*~*~tactically~*~*~ (stealth).
  6826 | D:8      | Killed a white ugly thing
  6827 | D:8      | Reached skill level 13 in Unarmed Combat
  6827 | D:8      | Reached XP level 10. HP: 54/96 MP: 10/10
  6828 | D:8      | 6828 ||| INVOKING Fiery Armour.
  6829 | D:8      | Paralysed by a hornet for 3 turns
  6912 | D:8      | 6912 ||| READING scroll of enchant armour.
  6912 | D:8      | 6912 ||| ENCHANTING +2 steam dragon scales.
  6968 | D:8      | Found a snail-covered altar of Cheibriados.
  7098 | D:9      | Found a runed translucent door.
  7125 | D:9      | Noticed qw's ghost (novice TrCA)
  7135 | D:9      | 7135 ||| INVOKING Fiery Armour.
  7137 | D:9      | 7137 ||| Stepping ~*~*~tactically~*~*~ (outnumbered).
  7138 | D:9      | 7138 ||| Stepping ~*~*~tactically~*~*~ (outnumbered).
  7139 | D:9      | 7139 ||| Stepping ~*~*~tactically~*~*~ (outnumbered).
  7224 | D:9      | 7224 ||| FLEEEEING.
  7243 | D:9      | Reached skill level 14 in Unarmed Combat
  7350 | D:9      | Found a blossoming altar of Fedhas.
  7363 | D:9      | 7363 ||| Stepping ~*~*~tactically~*~*~ (outnumbered).
  7364 | D:9      | 7364 ||| Stepping ~*~*~tactically~*~*~ (outnumbered).
  7366 | D:9      | 7366 ||| Stepping ~*~*~tactically~*~*~ (outnumbered).
  7367 | D:9      | 7367 ||| Stepping ~*~*~tactically~*~*~ (outnumbered).
  7369 | D:9      | 7369 ||| Stepping ~*~*~tactically~*~*~ (outnumbered).
  7372 | D:9      | 7372 ||| Stepping ~*~*~tactically~*~*~ (outnumbered).
  7373 | D:9      | 7373 ||| Stepping ~*~*~tactically~*~*~ (outnumbered).
  7374 | D:9      | 7374 ||| Stepping ~*~*~tactically~*~*~ (outnumbered).
  7375 | D:9      | 7375 ||| Stepping ~*~*~tactically~*~*~ (outnumbered).
  7376 | D:9      | 7376 ||| Stepping ~*~*~tactically~*~*~ (outnumbered).
  7493 | D:9      | 7493 ||| Stepping ~*~*~tactically~*~*~ (outnumbered).
  7494 | D:9      | 7494 ||| Stepping ~*~*~tactically~*~*~ (outnumbered).
  7495 | D:9      | 7495 ||| Stepping ~*~*~tactically~*~*~ (outnumbered).
  7496 | D:9      | 7496 ||| Stepping ~*~*~tactically~*~*~ (outnumbered).
  7497 | D:9      | 7497 ||| Stepping ~*~*~tactically~*~*~ (outnumbered).
  7498 | D:9      | 7498 ||| Stepping ~*~*~tactically~*~*~ (outnumbered).
  7499 | D:9      | 7499 ||| Stepping ~*~*~tactically~*~*~ (outnumbered).
  7510 | D:9      | Reached skill level 6 in Fighting
  7555 | D:9      | 7555 ||| Stepping ~*~*~tactically~*~*~ (hiding).
  7561 | D:9      | 7561 ||| Stepping ~*~*~tactically~*~*~ (hiding).
  7570 | D:9      | 7570 ||| FLEEEEING.
  7759 | D:9      | 7759 ||| DRINKING 2 fizzy ruby potions.
  7782 | D:9      | 7782 ||| READING 2 scrolls of identify.
  7782 | D:9      | 7782 ||| IDENTIFYING bubbling purple potion
  7783 | D:9      | 7783 ||| DROPPING potion of lignification.
  7791 | D:10     | Entered Level 10 of the Dungeon
  7792 | D:10     | 7792 ||| STAIRDANCE
  7808 | D:10     | 7808 ||| STAIRDANCE
  7872 | D:10     | 7872 ||| STAIRDANCE
  7934 | D:10     | Found a staircase to the Orcish Mines.
  7936 | D:10     | 7936 ||| Stepping ~*~*~tactically~*~*~ (stealth).
  7937 | D:10     | 7937 ||| Stepping ~*~*~tactically~*~*~ (stealth).
  7939 | D:10     | 7939 ||| Stepping ~*~*~tactically~*~*~ (hiding).
  7944 | D:10     | Noticed a two-headed ogre
  7945 | D:10     | 7945 ||| INVOKING Fiery Armour.
  7950 | D:10     | 7950 ||| FLEEEEING.
  7951 | D:10     | 7951 ||| FLEEEEING.
  7952 | D:10     | 7952 ||| FLEEEEING.
  7953 | D:10     | 7953 ||| FLEEEEING.
  7954 | D:10     | 7954 ||| FLEEEEING.
  7955 | D:10     | 7955 ||| STAIRDANCE
  7988 | D:10     | 7988 ||| STAIRDANCE
  8004 | D:10     | 8004 ||| STAIRDANCE
  8006 | D:9      | 8006 ||| Stepping ~*~*~tactically~*~*~ (outnumbered).
  8007 | D:9      | 8007 ||| Stepping ~*~*~tactically~*~*~ (outnumbered).
  8008 | D:9      | 8008 ||| Stepping ~*~*~tactically~*~*~ (outnumbered).
  8009 | D:9      | 8009 ||| Stepping ~*~*~tactically~*~*~ (outnumbered).
  8013 | D:9      | Killed a two-headed ogre
  8084 | D:10     | 8084 ||| Stepping ~*~*~tactically~*~*~ (hiding).
  8088 | D:10     | Reached skill level 15 in Unarmed Combat
  8146 | D:10     | 8146 ||| Stepping ~*~*~tactically~*~*~ (stealth).
  8148 | D:10     | 8148 ||| Stepping ~*~*~tactically~*~*~ (stealth).
  8150 | D:10     | 8150 ||| Stepping ~*~*~tactically~*~*~ (stealth).
  8155 | D:10     | Reached XP level 11. HP: 95/105 MP: 11/11
  8165 | D:10     | 8165 ||| Stepping ~*~*~tactically~*~*~ (outnumbered).
  8301 | D:10     | Found a staircase to the Lair.
  8315 | D:10     | Noticed a two-headed ogre
  8319 | D:10     | Killed a two-headed ogre
  8331 | D:10     | Identified the +8 shortbow "Racuah" {vorpal, Int+5 Dex+2}
  8443 | D:10     | 8443 ||| Stepping ~*~*~tactically~*~*~ (outnumbered).
  8454 | D:10     | 8454 ||| Stepping ~*~*~tactically~*~*~ (stealth).
  8539 | D:10     | Found a sparkling altar of Nemelex Xobeh.
  8739 | D:10     | 8739 ||| PLANNING LAIR
  8739 | D:10     | 8739 ||| UPGRADING to +4 ring of evasion.
  8741 | D:10     | 8741 ||| READING scroll labelled WEC RACOSOMUI.
  8790 | Lair:1   | Entered Level 1 of the Lair of Beasts
  8932 | Lair:1   | 8932 ||| Stepping ~*~*~tactically~*~*~ (stealth).
  8937 | Lair:1   | 8937 ||| Stepping ~*~*~tactically~*~*~ (stealth).
  8939 | Lair:1   | 8939 ||| Stepping ~*~*~tactically~*~*~ (stealth).
  8960 | Lair:1   | Reached skill level 16 in Unarmed Combat
  9633 | Lair:1   | 9633 ||| READING scroll labelled WEAGUO HASHONU.
  9682 | Lair:1   | 9682 ||| READING scroll labelled UDESSUY NOUT.
  9793 | Lair:2   | 9793 ||| Stepping ~*~*~tactically~*~*~ (stealth).
  9794 | Lair:2   | 9794 ||| Stepping ~*~*~tactically~*~*~ (stealth).
  9795 | Lair:2   | 9795 ||| Stepping ~*~*~tactically~*~*~ (stealth).
  9796 | Lair:2   | 9796 ||| Stepping ~*~*~tactically~*~*~ (stealth).
  9801 | Lair:2   | 9801 ||| INVOKING Fiery Armour.
  9802 | Lair:2   | 9802 ||| Stepping ~*~*~tactically~*~*~ (outnumbered).
  9803 | Lair:2   | 9803 ||| Stepping ~*~*~tactically~*~*~ (outnumbered).
  9804 | Lair:2   | 9804 ||| Stepping ~*~*~tactically~*~*~ (outnumbered).
  9806 | Lair:2   | 9806 ||| Stepping ~*~*~tactically~*~*~ (outnumbered).
  9810 | Lair:2   | 9810 ||| Stepping ~*~*~tactically~*~*~ (outnumbered).
  9812 | Lair:2   | 9812 ||| Stepping ~*~*~tactically~*~*~ (outnumbered).
  9813 | Lair:2   | 9813 ||| Stepping ~*~*~tactically~*~*~ (outnumbered).
  9814 | Lair:2   | 9814 ||| Stepping ~*~*~tactically~*~*~ (outnumbered).
  9816 | Lair:2   | 9816 ||| Stepping ~*~*~tactically~*~*~ (outnumbered).
  9817 | Lair:2   | 9817 ||| Stepping ~*~*~tactically~*~*~ (outnumbered).
  9818 | Lair:2   | 9818 ||| Stepping ~*~*~tactically~*~*~ (outnumbered).
  9820 | Lair:2   | 9820 ||| Stepping ~*~*~tactically~*~*~ (outnumbered).
  9821 | Lair:2   | 9821 ||| Stepping ~*~*~tactically~*~*~ (outnumbered).
  9822 | Lair:2   | 9822 ||| Stepping ~*~*~tactically~*~*~ (outnumbered).
  9823 | Lair:2   | 9823 ||| Stepping ~*~*~tactically~*~*~ (outnumbered).
  9824 | Lair:2   | 9824 ||| Stepping ~*~*~tactically~*~*~ (outnumbered).
  9825 | Lair:2   | 9825 ||| Stepping ~*~*~tactically~*~*~ (outnumbered).
  9827 | Lair:2   | 9827 ||| Stepping ~*~*~tactically~*~*~ (outnumbered).
  9828 | Lair:2   | 9828 ||| Stepping ~*~*~tactically~*~*~ (outnumbered).
  9829 | Lair:2   | 9829 ||| Stepping ~*~*~tactically~*~*~ (outnumbered).
  9837 | Lair:2   | HP: 23/109 [yak (17)]
  9838 | Lair:2   | 9838 ||| READING 4 scrolls of teleportation.
  9839 | Lair:2   | 9839 ||| DRINKING 4 potions of heal wounds.
  9950 | Lair:2   | 9950 ||| FLEEEEING.
  9952 | Lair:2   | 9952 ||| FLEEEEING.
  9958 | Lair:2   | 9958 ||| INVOKING Fiery Armour.
  9959 | Lair:2   | 9959 ||| Stepping ~*~*~tactically~*~*~ (outnumbered).
  9960 | Lair:2   | 9960 ||| Stepping ~*~*~tactically~*~*~ (outnumbered).
  9961 | Lair:2   | 9961 ||| Stepping ~*~*~tactically~*~*~ (outnumbered).
  9963 | Lair:2   | 9963 ||| Stepping ~*~*~tactically~*~*~ (outnumbered).
  9964 | Lair:2   | 9964 ||| Stepping ~*~*~tactically~*~*~ (outnumbered).
  9965 | Lair:2   | 9965 ||| Stepping ~*~*~tactically~*~*~ (outnumbered).
  9981 | Lair:2   | 9981 ||| Stepping ~*~*~tactically~*~*~ (stealth).
  9989 | Lair:2   | Reached skill level 17 in Unarmed Combat
 10229 | Lair:2   | Reached XP level 12. HP: 118/118 MP: 12/12
 10279 | Lair:2   | Noticed a death yak
 10280 | Lair:2   | 10280 ||| INVOKING Fiery Armour.
 10283 | Lair:2   | Noticed a death yak
 10284 | Lair:2   | 10284 ||| Stepping ~*~*~tactically~*~*~ (stealth).
 10287 | Lair:2   | Noticed a death yak
 10289 | Lair:2   | Killed a death yak
 10290 | Lair:2   | Noticed a death yak
 10294 | Lair:2   | Killed a death yak
 10297 | Lair:2   | 10297 ||| Stepping ~*~*~tactically~*~*~ (outnumbered).
 10298 | Lair:2   | 10298 ||| Stepping ~*~*~tactically~*~*~ (outnumbered).
 10299 | Lair:2   | 10299 ||| Stepping ~*~*~tactically~*~*~ (outnumbered).
 10304 | Lair:2   | Killed a death yak
 10307 | Lair:2   | Killed a death yak
 10355 | Lair:2   | Noticed a death yak
 10357 | Lair:2   | 10357 ||| Stepping ~*~*~tactically~*~*~ (stealth).
 10361 | Lair:2   | Killed a death yak
 10364 | Lair:2   | 10364 ||| FLEEEEING.
 10369 | Lair:2   | Reached skill level 18 in Unarmed Combat
 10394 | Lair:2   | 10394 ||| Stepping ~*~*~tactically~*~*~ (stealth).
 10398 | Lair:2   | 10398 ||| Stepping ~*~*~tactically~*~*~ (outnumbered).
 10464 | Lair:2   | 10464 ||| INVOKING Fiery Armour.
 10748 | Lair:3   | 10748 ||| PLANNING GAUNTLET
 10754 | Lair:3   | Noticed Urug
 10755 | Lair:3   | 10755 ||| INVOKING Fiery Armour.
 10767 | Lair:3   | Killed Urug
 10897 | Lair:3   | Reached skill level 3 in Throwing
 10909 | Lair:3   | Reached skill level 3 in Dodging
 10909 | Lair:3   | 10909 ||| FLEEEEING.
 10910 | Lair:3   | 10910 ||| FLEEEEING.
 10911 | Lair:3   | 10911 ||| FLEEEEING.
 10912 | Lair:3   | 10912 ||| FLEEEEING.
 10913 | Lair:3   | 10913 ||| FLEEEEING.
 10914 | Lair:3   | 10914 ||| FLEEEEING.
 10915 | Lair:3   | 10915 ||| FLEEEEING.
 10916 | Lair:3   | 10916 ||| FLEEEEING.
 10917 | Lair:3   | 10917 ||| FLEEEEING.
 10918 | Lair:3   | 10918 ||| FLEEEEING.
 10920 | Lair:3   | 10920 ||| FLEEEEING.
 10921 | Lair:3   | 10921 ||| FLEEEEING.
 10922 | Lair:3   | 10922 ||| STAIRDANCE
 10959 | Lair:3   | Found a gate leading to a gauntlet.
 10968 | Gauntlet | Entered a Gauntlet
 10968 | Gauntlet | Found a transporter.
 10980 | Gauntlet | Found a transporter.
 10981 | Gauntlet | Found a transporter.
 10982 | Gauntlet | Found a transporter.
 10989 | Gauntlet | Found a transporter.
 10992 | Gauntlet | Found a transporter.
 10993 | Gauntlet | Found a transporter.
 11002 | Gauntlet | Found a transporter.
 11005 | Gauntlet | Found a transporter.
 11006 | Gauntlet | Found a transporter.
 11014 | Gauntlet | Found a transporter.
 11018 | Gauntlet | Found a transporter.
 11019 | Gauntlet | Found a transporter.
 11023 | Gauntlet | Found a runed translucent door.
 11023 | Gauntlet | Found a runed translucent door.
 11027 | Gauntlet | Found a transporter.
 11148 | Gauntlet | 11148 ||| INVOKING Fiery Armour.
 11150 | Gauntlet | Noticed a white very ugly thing
 11159 | Gauntlet | 11159 ||| DRINKING 2 fizzy black potions.
 11160 | Gauntlet | 11160 ||| DROPPING potion of magic.
 11167 | Gauntlet | 11167 ||| Stepping ~*~*~tactically~*~*~ (outnumbered).
 11168 | Gauntlet | 11168 ||| Stepping ~*~*~tactically~*~*~ (outnumbered).
 11169 | Gauntlet | 11169 ||| Stepping ~*~*~tactically~*~*~ (outnumbered).
 11171 | Gauntlet | 11171 ||| Stepping ~*~*~tactically~*~*~ (outnumbered).
 11219 | Gauntlet | 11219 ||| Stepping randomly (stuck).
 11220 | Gauntlet | 11220 ||| Stepping randomly (stuck).
 11221 | Gauntlet | 11221 ||| Stepping randomly (stuck).
 11270 | Gauntlet | Identified the +0 hat "Fueq" {rElec rPois Dex+3 Stlth-}
 11276 | Gauntlet | 11276 ||| UPGRADING to +0 hat "Fueq" {rElec rPois Dex+3
                  | Stlth-}.
 11313 | Gauntlet | Noticed a minotaur
 11322 | Gauntlet | Killed a minotaur
 11404 | Gauntlet | 11404 ||| READING scroll labelled MUELOME XEXE.
 11404 | Gauntlet | Identified a scroll of acquirement
 11404 | Gauntlet | 11404 ||| ACQUIRING 724 gold pieces
 11404 | Gauntlet | Acquired 724 gold pieces
 11420 | Lair:3   | 11420 ||| PLANNING TEMPLE
 11574 | Temple   | Entered the Ecumenical Temple
 11614 | Temple   | 11614 ||| PLANNING LAIR
 11778 | Lair:3   | Found a staircase to the Swamp.
 11782 | Lair:3   | 11782 ||| Stepping ~*~*~tactically~*~*~ (cloud).
 11815 | Lair:3   | Found a staircase to the Snake Pit.
 12278 | Lair:3   | 12278 ||| READING 2 scrolls of identify.
 12278 | Lair:3   | 12278 ||| IDENTIFYING coppery potion
 12279 | Lair:3   | 12279 ||| DROPPING potion of degeneration.
 12292 | Lair:4   | 12292 ||| STAIRDANCE
 12297 | Lair:3   | Reached XP level 13. HP: 109/127 MP: 13/13
 12315 | Lair:4   | 12315 ||| STAIRDANCE
 12317 | Lair:3   | 12317 ||| Stepping ~*~*~tactically~*~*~ (outnumbered).
 12318 | Lair:3   | 12318 ||| Stepping ~*~*~tactically~*~*~ (outnumbered).
 12319 | Lair:3   | 12319 ||| Stepping ~*~*~tactically~*~*~ (outnumbered).
 12320 | Lair:3   | 12320 ||| Stepping ~*~*~tactically~*~*~ (outnumbered).
 12322 | Lair:3   | 12322 ||| Stepping ~*~*~tactically~*~*~ (outnumbered).
 12323 | Lair:3   | 12323 ||| Stepping ~*~*~tactically~*~*~ (outnumbered).
 12324 | Lair:3   | 12324 ||| Stepping ~*~*~tactically~*~*~ (outnumbered).
 12334 | Lair:3   | 12334 ||| Stepping ~*~*~tactically~*~*~ (outnumbered).
 12335 | Lair:3   | 12335 ||| Stepping ~*~*~tactically~*~*~ (outnumbered).
 12336 | Lair:3   | 12336 ||| Stepping ~*~*~tactically~*~*~ (outnumbered).
 12337 | Lair:3   | 12337 ||| Stepping ~*~*~tactically~*~*~ (outnumbered).
 12338 | Lair:3   | 12338 ||| Stepping ~*~*~tactically~*~*~ (outnumbered).
 12341 | Lair:3   | 12341 ||| Stepping ~*~*~tactically~*~*~ (outnumbered).
 12342 | Lair:3   | 12342 ||| Stepping ~*~*~tactically~*~*~ (outnumbered).
 12343 | Lair:3   | 12343 ||| Stepping ~*~*~tactically~*~*~ (outnumbered).
 12344 | Lair:3   | 12344 ||| Stepping ~*~*~tactically~*~*~ (outnumbered).
 12345 | Lair:3   | 12345 ||| Stepping ~*~*~tactically~*~*~ (outnumbered).
 12346 | Lair:3   | 12346 ||| Stepping ~*~*~tactically~*~*~ (outnumbered).
 12347 | Lair:3   | 12347 ||| Stepping ~*~*~tactically~*~*~ (outnumbered).
 12348 | Lair:3   | 12348 ||| Stepping ~*~*~tactically~*~*~ (outnumbered).
 12349 | Lair:3   | 12349 ||| Stepping ~*~*~tactically~*~*~ (outnumbered).
 12350 | Lair:3   | 12350 ||| Stepping ~*~*~tactically~*~*~ (outnumbered).
 12351 | Lair:3   | 12351 ||| Stepping ~*~*~tactically~*~*~ (outnumbered).
 12356 | Lair:3   | HP: 28/127 [elephant (9)]
 12357 | Lair:3   | 12357 ||| READING 3 scrolls of teleportation.
 12358 | Lair:3   | 12358 ||| DRINKING 4 potions of heal wounds.
 12473 | Lair:4   | 12473 ||| Stepping ~*~*~tactically~*~*~ (stealth).
 12474 | Lair:4   | 12474 ||| Stepping ~*~*~tactically~*~*~ (stealth).
 12556 | Lair:4   | Noticed an azure jelly
 12563 | Lair:4   | 12563 ||| Stepping ~*~*~tactically~*~*~ (outnumbered).
 12569 | Lair:4   | HP: 31/127 [azure jelly (6)]
 12570 | Lair:4   | 12570 ||| READING 2 scrolls of teleportation.
 12571 | Lair:4   | 12571 ||| DRINKING 3 potions of heal wounds.
 12572 | Lair:4   | HP: 10/127 [azure jelly (8)]
 12573 | Lair:4   | 12573 ||| DRINKING 2 potions of heal wounds.
 12574 | Lair:4   | 12574 ||| DRINKING potion of heal wounds.
 12580 | Lair:4   | 12580 ||| Stepping ~*~*~tactically~*~*~ (stealth).
 12593 | Lair:4   | 12593 ||| Stepping ~*~*~tactically~*~*~ (stealth).
 12594 | Lair:4   | 12594 ||| Stepping ~*~*~tactically~*~*~ (stealth).
 12596 | Lair:4   | 12596 ||| Stepping ~*~*~tactically~*~*~ (stealth).
 12701 | Lair:4   | 12701 ||| Stepping ~*~*~tactically~*~*~ (stealth).
 12702 | Lair:4   | 12702 ||| Stepping ~*~*~tactically~*~*~ (stealth).
 12720 | Lair:4   | Reached skill level 19 in Unarmed Combat
 12742 | Lair:4   | 12742 ||| Stepping ~*~*~tactically~*~*~ (stealth).
 12744 | Lair:4   | 12744 ||| Stepping ~*~*~tactically~*~*~ (stealth).
 12745 | Lair:4   | 12745 ||| Stepping ~*~*~tactically~*~*~ (stealth).
 13010 | Lair:4   | Found a staircase to the Slime Pits.
 13010 | Lair:4   | You fall into a shaft and drop 1 floor!
 13010 | Lair:5   | Entered Level 5 of the Lair of Beasts
 13011 | Lair:5   | 13011 ||| Stepping ~*~*~tactically~*~*~ (stealth).
 13012 | Lair:5   | 13012 ||| Stepping ~*~*~tactically~*~*~ (stealth).
 13013 | Lair:5   | 13013 ||| Stepping ~*~*~tactically~*~*~ (stealth).
 13014 | Lair:5   | 13014 ||| Stepping ~*~*~tactically~*~*~ (stealth).
 13015 | Lair:5   | 13015 ||| Stepping ~*~*~tactically~*~*~ (stealth).
 13016 | Lair:5   | 13016 ||| Stepping ~*~*~tactically~*~*~ (stealth).
 13021 | Lair:5   | 13021 ||| Stepping ~*~*~tactically~*~*~ (outnumbered).
 13022 | Lair:5   | 13022 ||| Stepping ~*~*~tactically~*~*~ (outnumbered).
 13023 | Lair:5   | 13023 ||| Stepping ~*~*~tactically~*~*~ (outnumbered).
 13025 | Lair:5   | 13025 ||| Stepping ~*~*~tactically~*~*~ (outnumbered).
 13028 | Lair:5   | 13028 ||| Stepping ~*~*~tactically~*~*~ (outnumbered).
 13029 | Lair:5   | 13029 ||| Stepping ~*~*~tactically~*~*~ (outnumbered).
 13029 | Lair:5   | HP: 32/128 [blink frog (5)]
 13030 | Lair:5   | 13030 ||| READING 2 scrolls of teleportation.
 13030 | Lair:5   | HP: 13/128 [dream sheep[a torpor snail] (6)]
 13031 | Lair:5   | 13031 ||| Stepping ~*~*~tactically~*~*~ (outnumbered).
 13032 | Lair:5   | 13032 ||| Stepping ~*~*~tactically~*~*~ (outnumbered).
 13033 | Lair:5   | 13033 ||| Stepping ~*~*~tactically~*~*~ (outnumbered).
 13033 | Lair:5   | HP: 2/128 [eight-headed hydra (13)]
 13033 | Lair:5   | Slain by an eight-headed hydra

Levels and vault maps discovered:
D:1:      reono_arrival_mine, layout_rooms, serial_bayou, serial_bayou_pond_d,
          serial_bayou_pond_c, serial_bayou_shore_a, serial_bayou_pond_e,
          shapermc_ecumenical_altar_rom_forum
D:2:      layout_basic, basic_altar
D:3:      layout_rooms, nicolae_qazlal_eye_of_the_storm, general_overflow_altar,
          st_stairs_8, uniq_jessica, uniq_grinder
D:4:      layout_gridville, nicolae_gozag_cash_rules_everything_around_me,
          gammafunk_temple_overflow_elements, nrook_loot_triangle
D:5:      layout_cave_pools, kennysheep_generic_room_11
D:6:      layout_basic, nicolae_ashenzari_skybound,
          minmay_temple_entry_drinking_statues, serial_bayou_crossing
D:7:      layout_loops_ring, hangedman_decor_growths
D:8:      layout_cave_pools, kennysheep_slug_shrine
D:9:      layout_roguey, fedhas_altar_3, hellmonk_ghost_big_iron,
          grunt_ministairs_15, chequers_mini_garden
D:10:     layout_loops_ring, kennysheep_mini, dpeg_oklobed_lair, orc_david_3
Temple:   nicolae_temple_god_jail
Lair:1:   layout_regular_city, nicolae_lair_lil_pond
Lair:2:   layout_regular_city, minivault_11
Lair:3:   layout_chaotic_city, skrybe_swamp_entry_bodies,
          guppyfry_snake_entry_island, gauntlet_entry_generic, uniq_urug
Lair:4:   layout_gridlike, dpeg_slime_entry_enclosed,
          nicolae_lair_time_for_slime
Lair:5:   evil_forest, layout_hall_layers, grunt_megastairs_5,
          infiniplex_staircase_pool, uniq_kirke

Skill      XL: |  1  2  3  4  5  6  7  8  9 10 11 12 13 |
---------------+----------------------------------------+-----
Unarmed Combat | 4 5 6 7 9 10 13 15 17 18 19 | 19.0
Dodging        | 1 2 3 4 |  4.0
Fighting       | 3 4 5 6 7 8 |  8.6
Throwing       | 2 4 5 |  5.0
Armour         | 1 2 |  2.0
Spellcasting   | |  1.0
Fire Magic     | |  2.1

Action                   |  1- 3 |  4- 6 |  7- 9 | 10-12 | 13-15 || total
-------------------------+-------+-------+-------+-------+-------++-------
Melee: Unarmed           |    88 |    61 |   170 |   432 |    86 ||   837
       Punch             |       |       |     6 |    29 |     8 ||    43
Throw: Boomerang         |       |       |    38 |    74 |    13 ||   125
       Javelin           |       |       |       |    15 |    14 ||    29
Invok: Fiery Armour      |       |     2 |     2 |     9 |       ||    13
  Use: Scroll            |     6 |     1 |     7 |     8 |     3 ||    25
       Potion            |     1 |     3 |     3 |     3 |     4 ||    14
 Stab: Sleeping          |       |     1 |     1 |       |       ||     2
Armor: Robe              |    26 |    18 |    24 |       |       ||    68
       Steam dragon scal |       |       |    24 |   124 |    52 ||   200
Dodge: Dodged            |    40 |    18 |    59 |   169 |    87 ||   373
Block: Other             |       |    10 |    29 |    67 |    33 ||   139
       Reflection        |       |     1 |     2 |     2 |       ||     5

Table legend:
 A = Non-vault XP
 B = Vault XP
 C = Vault XP percentage of total XP
 D = Non-vault monster count
 E = Vault monster count
 F = Vault count percentage of total count
                 A         B        C        D         E       F
            +---------+---------+-------+---------+---------+-------
      Total |   37670 |    8315 |  18.1 |     266 |      43 |  13.9
            +---------+---------+-------+---------+---------+-------
        D:1 |      23 |       0 |   0.0 |      15 |       0 |   0.0
        D:2 |      49 |       0 |   0.0 |      15 |       0 |   0.0
        D:3 |      34 |     334 |  90.8 |      11 |       3 |  21.4
        D:4 |     396 |       0 |   0.0 |      21 |       0 |   0.0
        D:5 |     797 |     174 |  17.9 |      14 |       2 |  12.5
        D:6 |    1069 |       0 |   0.0 |      18 |       0 |   0.0
        D:7 |    1257 |       0 |   0.0 |      15 |       0 |   0.0
        D:8 |    1807 |       4 |   0.2 |      14 |       1 |   6.7
        D:9 |    4005 |     463 |  10.4 |      30 |      10 |  25.0
       D:10 |    3143 |     133 |   4.1 |      23 |       1 |   4.2
     Lair:1 |    2913 |       0 |   0.0 |      15 |       0 |   0.0
     Lair:2 |   11634 |       0 |   0.0 |      37 |       0 |   0.0
     Lair:3 |    4755 |    1794 |  27.4 |      19 |       4 |  17.4
     Lair:4 |    5539 |      86 |   1.5 |      18 |       2 |  10.0
     Lair:5 |     249 |       0 |   0.0 |       1 |       0 |   0.0
   Gauntlet |       0 |    5327 | 100.0 |       0 |      20 | 100.0
            +---------+---------+-------+---------+---------+-------
